 Dungeon Crawl Stone Soup version 0.30-a0-241-g1121274140 (webtiles) character file.

Game seed: 6757684352831827286

842 lunkers the Carver (level 8, 0/59 HPs)
             Began as a Meteoran Wanderer on Oct 11, 2022.
             Was a Believer of Nemelex Xobeh.
             Slain by an orc
             ... wielding a +0 mace
              (1 damage)
             ... on level 4 of the Dungeon.
             The game lasted 00:04:40 (1406 turns).

lunkers the Carver (Meteoran Wanderer)              Turns: 1406, Time: 00:04:40

Health: 0/59       AC:  4    Str: 13    XL:     8   Next: 43%
Magic:  11/11      EV: 12    Int: 13    God:    Nemelex Xobeh [**....]
Gold:   191        SH:  0    Dex: 17    Spells: 8/9 levels left

rFire   . . .      SeeInvis .    a - +2 falchion
rCold   . . .      Faith    .    (no shield)
rNeg    . . .      Spirit   .    l - +0 leather armour
rPois   .          Reflect  .    b - +0 helmet
rElec   .          Harm     .    (no cloak)
rCorr   .          Rampage  .    (no gloves)
Will    +....                    (no boots)
Stlth   +.........               (no amulet)
HPRegen 0.29/turn                (no ring)
MPRegen 0.12/turn                (no ring)

@: glowing
A: sense surroundings 1, otherworldly, glowing, explore regen
a: Renounce Religion, Draw Escape, Draw Destruction, Draw Summoning


You were on level 4 of the Dungeon.
You worshipped Nemelex Xobeh.
Nemelex Xobeh was pleased with you.
You visited 1 branch of the dungeon, and saw 5 of its levels.
You also visited: Sewer.

You collected 191 gold pieces.

Inventory:

Hand Weapons
 a - a +2 falchion (weapon)
Armour
 b - a +0 helmet (worn)
 d - a +0 robe
 k - an orb of guile
 l - a +0 leather armour (worn)
Wands
 g - a wand of digging (7)
 h - a wand of polymorph (13)
Scrolls
 c - 2 scrolls of blinking
 n - a scroll of fog {unknown}
Potions
 e - 3 potions of curing
 f - a potion of mutation {unknown}
 i - a potion of might {unknown}
 j - a potion of heal wounds {unknown}
 m - 2 potions of brilliance {unknown}


   Skills:
 - Level 1.1 Fighting
 + Level 11.4 Long Blades
 - Level 1.2 Throwing
 - Level 2.4 Dodging
 - Level 1.3 Spellcasting
 - Level 1.2 Poison Magic


You had 8 spell levels left.
You knew the following spells:

 Your Spells              Type           Power      Damage    Failure   Level
p - Sting                 Tmut/Pois      8%         1d3       26%         1

Your spell library contained the following spells:

 Spells                   Type           Power      Damage    Failure   Level
 Apportation              Tloc           0%         N/A       34%         1
 Spider Form              Tmut/Pois      2%         N/A       63%         3
 Alistair's Intoxication  Tmut/Pois      1%         N/A       100%        5


Dungeon Overview and Level Annotations

Branches:
Dungeon (5/15) Zot: 1784    Sewer (visited)
 Temple: D:4-7

Altars:
Nemelex Xobeh


Innate Abilities, Weirdness & Mutations

You passively map a small area around you.
You are easily found by Zot.
You glow in the dark.
You regain HP and MP as you explore.


Message History

The orc priest is severely wounded.
The orc hits you with a +0 mace. The orc priest hits you with a +0 whip.
The orc closely misses you. The orc wizard closely misses you.
You hit the orc priest.
The orc priest is severely wounded.
The orc completely misses you. The orc barely misses you.
The orc priest calls down the wrath of Beogh upon you.
Beogh smites you!
* * * LOW HITPOINT WARNING * * *
The orc wizard misses you.
You slash the orc priest!
You kill the orc priest!
Unknown command.
You slash the orc wizard!
The orc wizard is severely wounded.
The orc hits you with a +0 flail.
* * * LOW HITPOINT WARNING * * *
The orc hits you with a +0 mace.
* * * LOW HITPOINT WARNING * * *
The orc wizard hits you with a +0 dagger.
* * * LOW HITPOINT WARNING * * *
You hit the orc wizard.
You kill the orc wizard!
The orc hits you with a +0 mace.
* * * LOW HITPOINT WARNING * * *
The orc hits you with a +0 flail!
* * * LOW HITPOINT WARNING * * *
You barely miss the orc. The orc hits you with a +0 mace.
* * * LOW HITPOINT WARNING * * *
The orc barely misses you.
You slash the orc!
You kill the orc!
Unknown command.
You closely miss the orc. The orc hits you with a +0 mace.
* * * LOW HITPOINT WARNING * * *
You hit the orc.
The orc is almost dead.
The orc hits you with a +0 mace.
You die...
Your body glows slightly brighter and disappears.

* * , , , *
...............
..^............
*
....#..........
* , ,
...............+
, ,
...............
* ,
.....)..?......
* ,......)))...#
* , * #@# * *
+.....)o......
,, , ,,
#######.##.... *
+ .#** ## * , ,
.. * , ... , , ,
, * .$. * ,
.##.* , * *


You could see an orc.

Vanquished Creatures
  Grinder (D:3)
  Sigmund (D:2)
  A steam dragon (Sewer)
  A phantom (D:5)
  A howler monkey (D:3)
  A jelly (D:5)
  An orc priest (D:4)
  2 hounds (D:4)
  An orc wizard (D:4)
  4 adders
  A river rat (D:3)
  A worm (D:3)
  5 dart slugs
  9 orcs
  A bat (D:2)
  2 endoplasms
  6 goblins
  4 jackals
  2 quokkas (D:3)
  8 ball pythons
  7 frilled lizards
  6 kobolds
  9 rats
75 creatures vanquished.

Notes
Turn   | Place    | Note
-------+----------+-------------------------------------------
     0 | D:1      | lunkers the Meteoran Wanderer began the quest for the Orb.
     0 | D:1      | lunkers set off with the following items: a +2 falchion, a
                  | +0 helmet, a scroll of blinking, a +0 robe; and the
                  | following spell memorised: Sting; and the following spells
                  | available to memorise: Spider Form.
     0 | D:1      | Reached XP level 1. HP: 16/16 MP: 3/3
    52 | D:1      | Reached skill level 5 in Long Blades
    73 | D:1      | Found a faded altar of an unknown god.
   104 | D:1      | Reached XP level 2. HP: 15/23 MP: 0/5
   117 | D:1      | Prayed at the altar of an unknown god.
   117 | D:1      | Became a worshipper of Nemelex Xobeh the Trickster
   117 | D:1      | Reached * piety under Nemelex Xobeh
   117 | D:1      | Received a gift from Nemelex Xobeh
   265 | D:2      | Reached XP level 3. HP: 25/28 MP: 6/6
   331 | D:2      | Reached skill level 6 in Long Blades
   352 | D:2      | Reached XP level 4. HP: 25/35 MP: 7/7
   405 | D:3      | Noticed Grinder
   409 | D:3      | Noticed Ijyb
   413 | D:3      | Killed Grinder
   414 | D:3      | Reached skill level 8 in Long Blades
   414 | D:3      | Reached XP level 5. HP: 24/40 MP: 8/8
   414 | D:3      | Reached XP level 6. HP: 28/47 MP: 9/9
   414 | D:3      | Ijyb changed into Ijyb the howler monkey
   414 | D:3      | Noticed Ijyb
   463 | D:2      | Noticed Sigmund
   484 | D:2      | Killed Sigmund
   485 | D:2      | Reached skill level 9 in Long Blades
   485 | D:2      | Reached XP level 7. HP: 29/52 MP: 10/10
   589 | D:3      | Reached ** piety under Nemelex Xobeh
   784 | D:3      | Found a glowing drain.
   796 | Sewer    | Entered a sewer
   890 | Sewer    | Noticed Pargi
   893 | Sewer    | Pargi changed into Pargi the steam dragon
   893 | Sewer    | Noticed Pargi
   902 | Sewer    | Killed Pargi the steam dragon
   903 | Sewer    | Reached skill level 10 in Long Blades
  1048 | D:3      | Killed Ijyb the howler monkey
  1049 | D:3      | Reached XP level 8. HP: 54/59 MP: 11/11
  1308 | D:5      | Entered Level 5 of the Dungeon
  1335 | D:5      | Reached skill level 11 in Long Blades
  1405 | D:4      | HP: 1/59 [orc/+0 mace (5)]
  1406 | D:4      | Slain by an orc

Illustrated notes

Levels and vault maps discovered:
D:1:      dreamdust_arrival_sigmund_warning, layout_loops_cross,
          dreamdust_ecumenical_altar_statues
D:2:      layout_rooms, hangedman_decor_riveting, uniq_sigmund
D:3:      layout_basic, portal_sewer_entry_b, uniq_grinder, uniq_ijyb
D:4:      layout_basic, kennysheep_mini_moat, minmay_misc_feat_square
D:5:      layout_cave_pools, amcnicky_altar_gilded, lemuel_blue_sif_altar,
          uniq_blork_the_orc

Skill      XL: |  1  2  3  4  5  6  7  8 |
---------------+-------------------------+-----
Long Blades    | 5 6 8 9 10 11 | 11.4
Fighting       | |  1.1
Throwing       | |  1.2
Dodging        | |  2.4
Spellcasting   | |  1.3
Poison Magic   | |  1.2

Action                   |  1- 3 |  4- 6 |  7- 9 || total
-------------------------+-------+-------+-------++-------
Melee: Falchion          |    41 |    20 |   149 ||   210
       Unarmed           |       |     2 |       ||     2
       Punch             |       |       |     2 ||     2
 Cast: Sting             |     8 |       |       ||     8
Invok: Draw Destruction  |       |     6 |     1 ||     7
  Use: Scroll            |       |     1 |     3 ||     4
Armor: Robe              |    14 |     2 |    17 ||    33
       Leather armour    |       |       |     4 ||     4
Dodge: Dodged            |    23 |     6 |    68 ||    97

Table legend: (Time is in decaauts)
 A = Elapsed time spent in this place.
 B = Non-inter-level travel time spent in this place.
 C = Inter-level travel time spent in this place.
 D = Time resting spent in this place.
 E = Time spent auto-exploring this place.
 F = Levels seen in this place.
 G = Mean time per level.
                   A        B        C        D        E       F      G
               +--------+--------+--------+--------+--------+-----+--------+
         Total |   1357 |   1357 |      0 |      0 |    626 |   6 |  226.2 |
       Dungeon |   1214 |   1214 |      0 |      0 |    548 |   5 |  242.8 |
         Sewer |    142 |    142 |      0 |      0 |     78 |   1 |  142.0 |
               +--------+--------+--------+--------+--------+-----+--------+

Top non-repeatable levels by time:
     D:3: 439 daAuts
     D:4: 246 daAuts
     D:2: 232 daAuts
     D:1: 223 daAuts
   Sewer: 142 daAuts
     D:5: 72 daAuts
